 Dungeon Crawl Stone Soup version 0.28.0-53-g5a82cb258f (webtiles) character file.

Game seed: 17430095258232556771

1871 etothzedragonslayer the Cleaver (level 8, -1/73 HPs)
             Began as a Deep Dwarf Fighter on Aug 4, 2022.
             Was an Initiate of Trog.
             Slain by a ten-headed hydra (5 damage)
             ... on level 7 of the Dungeon.
             The game lasted 00:19:45 (5648 turns).

etothzedragonslayer the Cleaver (DDFi)              Turns: 5648, Time: 00:19:45

Health: -1/73      AC: 15    Str: 23    XL:     8   Next: 90%
Magic:  7/7        EV: 10    Int:  8    God:    Trog [......]
Gold:   372        SH:  0    Dex: 12    Spells: 7/7 levels left

rFire   . . .      SeeInvis .   p - +1 executioner's axe
rCold   . . .      Faith    .   (shield currently unavailable)
rNeg    + . .      Spirit   .   b - +0 scale mail
rPois   .          Reflect  .   h - +1 helmet
rElec   .          Harm     .   g - +0 cloak
rCorr   .          Rampage  .   (no gloves)
Will    ++...                   (no boots)
Stlth   ..........              (no amulet)
HPRegen 0.00/turn               f - +4 ring of protection
MPRegen 0.10/turn               s - ring "Gewnen" {rN+ Will+}

@: no status effects
A: damage resistance, heal wounds, sense surroundings 1, no regeneration
a: Heal Wounds, Renounce Religion


You were on level 7 of the Dungeon.
You worshipped Trog.
Trog was noncommittal.
You visited 2 branches of the dungeon, and saw 8 of its levels.
You also visited: Sewer and Ossuary.

You collected 372 gold pieces.

Inventory:

Hand Weapons
 a - a +1 war axe
 l - a +2 vorpal mace
 p - a +1 executioner's axe (weapon)
Armour
 b - a +0 scale mail (worn)
 c - a +0 buckler
 g - a +0 cloak (worn)
 h - a +1 helmet (worn)
Jewellery
 f - a +4 ring of protection (left hand)
 j - a ring of see invisible
 k - an amulet of magic regeneration
 q - a ring of willpower
 s - the ring "Gewnen" (right hand) {rN+ Will+}
   (You found it on level 3 of the Dungeon)

   [ring of willpower]

   rN:        It protects you from negative energy.
   Will:      It increases your willpower.
Wands
 m - a wand of digging (6)
 n - a wand of iceblast (9)
 A - a wand of paralysis (6)
 B - a wand of flame (21)
Scrolls
 i - 10 scrolls of teleportation
 r - a scroll of fear
 t - 2 scrolls of fog
 u - 3 scrolls of identify
 v - a scroll of blinking {unknown}
 y - a scroll of noise {unknown}
 C - 3 scrolls of summoning
Potions
 d - 2 potions of might
 e - 7 potions of curing
 o - a potion of ambrosia
 w - 2 potions of brilliance
 x - 3 potions of heal wounds
 z - a potion of flight {unknown}


   Skills:
 + Level 4.9 Fighting
 + Level 8.3 Axes
 * Level 7.0 Armour
 + Level 2.0 Dodging
 + Level 0.3 Stealth
 * Level 6.1 Shields


You had 7 spell levels left.
You didn't know any spells.
Your spell library contained the following spells:

 Spells                   Type           Power      Damage    Failure   Level
 Summon Small Mammal      Summ           0%         N/A       69%         1
 Call Canine Familiar     Summ           0%         N/A       96%         3
 Summon Guardian Golem    Hex/Summ       0%         N/A       96%         3
 Tukima's Dance           Hex            0%         N/A       96%         3
 Passage of Golubria      Tloc           0%         N/A       100%        4
 Yara's Violent Unravell  Hex/Tmut       0%         3d3       100%        5


Dungeon Overview and Level Annotations

Branches:
Dungeon (7/15)             Temple (1/1) D:6           Sewer (visited)
Ossuary (visited)

Altars:
Cheibriados
Elyvilon
Fedhas
Nemelex Xobeh
Okawaru
Qazlal
Sif Muna
Trog
Vehumet
Xom

Shops:
D:2 =


Innate Abilities, Weirdness & Mutations

You are resistant to damage.
You can heal yourself by infusing magical energy.
You passively map a small area around you.
You do not regenerate.


Message History

Activating: Heal Wounds (11% risk of failure)
Press: ? - help, Q - select action, (/) - cycle Dir - look around, f - activate You feel much better.
The eight-headed hydra bites you but does no damage. x2
The eight-headed hydra barely misses you. x2
The eight-headed hydra bites you. The eight-headed hydra bites you!
The eight-headed hydra bites you but does no damage. x2
Okay, then.
You slice one of the eight-headed hydra's heads off!
The seven-headed hydra grows two more!
You slash the nine-headed hydra!
The nine-headed hydra is moderately wounded.
The nine-headed hydra barely misses you.
The nine-headed hydra bites you but does no damage.
The nine-headed hydra bites you! The nine-headed hydra bites you.
The nine-headed hydra bites you!
The nine-headed hydra completely misses you.
The nine-headed hydra barely misses you.
The nine-headed hydra bites you but does no damage.
The nine-headed hydra bites you.
You lop one of the nine-headed hydra's heads off!
The eight-headed hydra grows two more!
You slice the ten-headed hydra!!
The ten-headed hydra is moderately wounded.
The ten-headed hydra bites you but does no damage. x4
The ten-headed hydra misses you. The ten-headed hydra bites you.
* * * LOW HITPOINT WARNING * * *
The ten-headed hydra closely misses you.
The ten-headed hydra bites you.
* * * LOW HITPOINT WARNING * * *
The ten-headed hydra bites you but does no damage.
The ten-headed hydra barely misses you. The ten-headed hydra bites you!
* * * LOW HITPOINT WARNING * * *
The ten-headed hydra closely misses you.
The ten-headed hydra bites you but does no damage.
The ten-headed hydra bites you!
* * * LOW HITPOINT WARNING * * *
The ten-headed hydra bites you but does no damage. x3
The ten-headed hydra bites you.
* * * LOW HITPOINT WARNING * * *
The ten-headed hydra bites you!
You die...

############.# #..
#....>.......###..
#.#########.......
#.# #..###.. #.#
#..# #.. #.#
#..###.. #.#
#####....... #.#
#......###.. #@#
#.###.####.#
#D##########.....#
#....# ≈.≈≈#######
####.#≈.# #.'.#**
###≈.# ≈ ** ≈≈.≈≈
* ##### * * * ,


You could see a ten-headed hydra.

Vanquished Creatures
  Maggie (D:6)
  An ice beast (D:6)
  3 ogres
  A phantom (D:5)
  3 kobold brigands
  A wyvern zombie (D:6)
  Blork the orc (D:6)
  A bullfrog (D:6)
  3 water moccasin zombies (Ossuary)
  2 scorpions
  Crazy Yiuf (D:2)
  A jelly (D:5)
  2 centaur skeletons
  3 hounds
  2 iguanas (D:6)
  2 mummies (Ossuary)
  10 adders
  2 shadow imps
  5 adder zombies (Ossuary)
  A worm (D:5)
  A dart slug (D:1)
  3 orcs
  5 bats
  7 endoplasms
  6 giant cockroaches
  4 goblins
  5 hobgoblins
  9 jackals
  6 quokkas
  5 ball pythons
  5 frilled lizards
  7 gnoll zombies (Ossuary)
  5 hobgoblin zombies (Ossuary)
  10 kobolds
  5 kobold zombies (Ossuary)
  3 orc zombies (Ossuary)
  2 quokka zombies (D:6)
  15 rats
149 creatures vanquished.

Vanquished Creatures (others)
  4 fungi (D:4)
  7 plants
11 creatures vanquished.

Grand Total: 160 creatures vanquished

Notes
Turn   | Place    | Note
-------+----------+-------------------------------------------
     0 | D:1      | etothzedragonslayer the Deep Dwarf Fighter began the quest
                  | for the Orb.
     0 | D:1      | Reached XP level 1. HP: 20/20 MP: 1/1
   545 | D:1      | Found a faded altar of an unknown god.
   553 | D:1      | Reached XP level 2. HP: 27/27 MP: 2/2
  1473 | D:2      | Reached XP level 3. HP: 32/34 MP: 3/3
  1512 | D:2      | Found Sedo's Jewellery Shop.
  1534 | D:2      | You fall into a shaft and drop 2 floors!
  1534 | D:4      | Found a blossoming altar of Fedhas.
  1697 | D:4      | Reached skill level 3 in Axes
  1697 | D:4      | Reached XP level 4. HP: 39/42 MP: 4/4
  2590 | D:3      | Identified the ring "Gewnen" {rN+ Will+}
  3197 | D:2      | Found a runed translucent door.
  3198 | D:2      | Noticed Crazy Yiuf
  3208 | D:2      | Killed Crazy Yiuf
  3209 | D:2      | Reached XP level 5. HP: 39/49 MP: 5/5
  3584 | D:5      | Entered Level 5 of the Dungeon
  3661 | D:5      | Found a glowing drain.
  3680 | D:5      | Noticed an ogre
  3688 | D:5      | Reached skill level 4 in Axes
  3691 | D:5      | Killed an ogre
  3692 | D:5      | Reached skill level 5 in Armour
  3692 | D:5      | Reached skill level 1 in Dodging
  3692 | D:5      | Reached XP level 6. HP: 41/56 MP: 5/5
  3695 | Sewer    | Entered a sewer
  4012 | D:5      | Reached skill level 5 in Axes
  4012 | D:5      | Reached XP level 7. HP: 26/63 MP: 6/6
  4413 | D:5      | Reached skill level 5 in Shields
  4518 | D:6      | Found a sand-covered staircase.
  4525 | Ossuary  | Entered an ossuary
  4548 | Ossuary  | Reached skill level 6 in Axes
  4756 | D:6      | Reached XP level 8. HP: 42/71 MP: 7/7
  4814 | D:6      | Reached skill level 7 in Axes
  4879 | D:6      | Found a staircase to the Ecumenical Temple.
  4889 | Temple   | Entered the Ecumenical Temple
  4905 | Temple   | Became a worshipper of Trog the Wrathful
  5044 | D:6      | Noticed Maggie
  5054 | D:6      | Killed Maggie
  5072 | D:6      | Reached skill level 8 in Axes
  5095 | D:6      | Noticed Blork the orc
  5104 | D:6      | Killed Blork the orc
  5499 | D:7      | Found a snail-covered altar of Cheibriados.
  5640 | D:7      | Noticed an eight-headed hydra
  5648 | D:7      | Slain by a ten-headed hydra

Illustrated notes

Levels and vault maps discovered:
D:1:      dpeg_arrival_signposts, layout_loops_corners,
          hellmonk_ecumenical_altar_arch_garden, chequers_big_river
D:2:      layout_basic, serial_shops, shop_fountains, minmay_crystal_water,
          uniq_crazy_yiuf_cottage
D:3:      layout_loops_ring, grunt_decor_resistance
D:4:      layout_layer_cave, fedhas_altar_3, minmay_misc_feat_cross
D:5:      layout_basic, cheibrodos_sewer_entry_drain
D:6:      layout_loops_cross, minmay_temple_entry_offerings, enter_ossuary_4,
          uniq_blork_the_orc, uniq_maggie
D:7:      layout_loops_ring, mainiacjoe_overflow_two_lobes, chei_slow_surprise,
          kennysheep_generic_room_13, uniq_harold
Temple:   eino_narrow_crystal_temple

Skill      XL: |  1  2  3  4  5  6  7  8 |
---------------+-------------------------+-----
Fighting       | 3 4 |  4.9
Axes           | 3 4 5 6 8 |  8.3
Armour         | 4 5 6 7 |  7.0
Shields        | 4 5 6 |  6.1
Dodging        | 1 2 |  2.0
Stealth        | |  0.3

Action                   |  1- 3 |  4- 6 |  7- 9 || total
-------------------------+-------+-------+-------++-------
Melee: War axe           |    89 |   182 |    29 ||   300
       Executioner's axe |       |       |   171 ||   171
 Abil: Heal Wounds       |       |     2 |     6 ||     8
  Use: Scroll            |       |     6 |     4 ||    10
       Potion            |       |     6 |     1 ||     7
Armor: Scale mail        |    47 |    99 |   148 ||   294
Dodge: Dodged            |    54 |    95 |   103 ||   252
Block: Buckler           |    24 |    40 |     7 ||    71
